[Event "Team 45 45 League T26"]
[Site "Internet Chess Club"]
[Date "2005.03.27"]
[Round "2"]
[White "Catalog"]
[Black "StrayLite"]
[Result "1/2-1/2"]
[WhiteElo "2100"]
[BlackElo "1984"]
[TimeControl "2700+45"]

1. d4 d5 2. c4 e6 3. Nf3 Nf6 4. Bg5 Be7 5. e3 h6 6. Bh4 O-O 7. Nc3 b6 8. Bxf6
Bxf6 9. cxd5 exd5 10. Bd3 c5 11. O-O Be6 12. Rc1 Qe7 13. Bb1 Rd8 14. Qa4 Nd7 15.
Nb5 Nf8 16. h3 a6 17. Nc3 b5 18. Qd1 c4 19. e4 dxe4 20. Bxe4 Rac8 21. Re1 Qd7
22. Qc2 b4 23. Ne2 Qb5 24. Rcd1 Bd5 25. Ng3 g6 26. h4 h5 27. Bxd5 Rxd5 28. Ne4
Bg7 29. Neg5 Qd7 30. Qe4 c3 31. bxc3 bxc3 32. Re2 Rd8 33. Rc2 Bxd4 34. Rxd4 Rxd4
35. Qxd4 Qxd4 36. Nxd4 Rxd4 37. Rxc3 a5 38. Ra3 a4 39. g3 Nd7 40. Kf1 Nb6 41.
Ke2 Rb4 42. Rd3 Nc4 43. Rd8+ Kg7 44. f4 Rb2+ 45. Kf3 Rxa2 46. Rd7 Nd2+ 47. Ke3
Nf1+ 48. Kf3 Ra3+ 49. Kf2 Nxg3 50. Rxf7+ Kg8 51. Rf6 Kg7 52. Rf7+ Kg8 53. Rf6
Kg7 54. Rf7+ {Game drawn by repetition} 1/2-1/2

[Event "Team 45 45 League T26"]
[Site "Internet Chess Club"]
[Date "2005.03.27"]
[Round "2"]
[White "kabindra"]
[Black "Aldos"]
[Result "1-0"]
[WhiteElo "1845"]
[BlackElo "2035"]
[TimeControl "2700+45"]

1. e4 d5 2. exd5 Qxd5 3. Nc3 Qd6 4. Nf3 Nf6 5. d3 Bg4 6. Be2 Nc6 7. Be3 O-O-O 8.
O-O e6 9. Nb5 Qd5 10. c4 Qf5 11. Qa4 a6 12. Na7+ Nxa7 13. Bxa7 Bc5 14. Bxc5 Qxc5
15. b4 Qf5 16. b5 axb5 17. cxb5 Nd5 18. Qa8+ Kd7 19. Qxb7 f6 20. Qc6+ Ke7 21.
Nd4 Qg6 22. Bf3 Rd6 23. Qc4 Bxf3 24. Nxf3 Rc8 25. a4 Nb6 26. Qe4 Rxd3 27. Qxg6
hxg6 28. a5 Nd5 29. Rfc1 Nc3 30. Nd4 e5 31. Nc6+ Kd7 32. Kf1 Nxb5 33. Nb4 Rb3
34. Rd1+ Nd4 35. Nc2 c5 36. Ne3 Kc6 37. Rdc1 Rxe3 38. fxe3 Nb3 39. Ke2 Nxc1+ 40.
Rxc1 Ra8 41. Ra1 Ra7 42. Kd3 Kb5 43. Rb1+ Kc6 44. Ra1 Ra6 45. Kc4 Ra7 46. Ra2 f5
47. g3 g5 48. a6 f4 49. Ra5 f3 50. Rxc5+ Kd6 51. Ra5 Ke6 52. e4 g4 53. Kb5 f2
54. Ra1 Rf7 55. Rf1 Kd6 56. Kb6 Ke6 57. a7 Rf8 58. Rxf2 Rxf2 59. a8=Q Rxh2 60.
Qc8+ Kf6 61. Qf5+ Ke7 62. Qxe5+ Kf7 {Black resigns} 1-0

[Event "Team 45 45 League T26"]
[Site "Internet Chess Club"]
[Date "2005.03.28"]
[Round "2"]
[White "KnightedByQueen"]
[Black "DocHoliday"]
[Result "0-1"]
[WhiteElo "1664"]
[BlackElo "1909"]
[TimeControl "2700+45"]

1. e4 c5 2. Nf3 d6 3. d4 cxd4 4. Nxd4 Nf6 5. Nc3 a6 6. Be3 e5 7. Nf3 Be6 8. Ng5
Nc6 9. f3 Be7 10. Qd2 d5 11. exd5 Nxd5 12. Nxe6 fxe6 13. O-O-O Bb4 14. Qd3 Nxc3
15. bxc3 Qxd3 16. Rxd3 Ba3+ 17. Kd2 Na5 18. Ke2 Rc8 19. g3 Nc4 20. Bh3 Nxe3 21.
Kxe3 Ke7 22. Rhd1 Rc7 23. Ke2 Rhc8 24. Re3 Rxc3 25. Rxe5 Rxc2+ 26. Rd2 Rxd2+ 27.
Kxd2 Rc6 28. Bf5 Kf6 29. Rxe6+ Rxe6 30. Bxe6 Kxe6 31. Kd3 Bc5 32. Ke4 b5 33. h3
a5 34. g4 b4 35. f4 a4 36. f5+ Kf6 37. Kd3 Kg5 {White resigns} 0-1

[Event "Team 45 45 League T26"]
[Site "Internet Chess Club"]
[Date "2005.03.27"]
[Round "2"]
[White "EricW"]
[Black "GolferBob"]
[Result "0-1"]
[WhiteElo "1889"]
[BlackElo "1690"]
[TimeControl "2700+45"]

1. d4 Nf6 2. c4 e6 3. Nc3 Bb4 4. Qc2 d5 5. cxd5 exd5 6. Bg5 c6 7. Nf3 Nbd7 8. e3
Qa5 9. Bd3 O-O 10. O-O Re8 11. Rfc1 Bxc3 12. Qxc3 Qxc3 13. Rxc3 Ne4 14. Bxe4
dxe4 15. Nd2 Nb6 16. a3 f6 17. Bh4 Re7 18. b4 Nd5 19. Rc5 Nc7 20. Bg3 Na6 21.
Rc3 Bg4 22. Kf1 Bh5 23. Nb3 Bf7 24. Nc5 Nxc5 25. bxc5 Rc8 26. Rb1 a5 27. a4 Rd7
28. Rc2 g5 29. Rb6 Ra8 30. Rcb2 Bc4+ 31. Ke1 Ba6 32. Rd2 Bd3 33. Rdb2 Ba6 34. f3
exf3 35. gxf3 Re8 36. Kf2 Rde7 37. R2b3 Kf7 38. d5 Bc4 39. Rb2 Bxd5 40. Rxb7 h5
41. Bd6 Rxb7 42. Rxb7+ Kg6 43. Ra7 h4 44. Rxa5 Rc8 45. Ra7 Bb3 46. a5 Bc4 47.
Rb7 Ra8 48. Bc7 Bb5 49. Bb6 Kf5 50. e4+ Ke6 51. Ke3 f5 52. Kd4 fxe4 53. fxe4 g4
54. Rg7 Be2 55. Rh7 h3 56. Rh6+ Kd7 57. Rd6+ Ke7 58. Rxc6 g3 59. Ke5 Kf7 60. Rh6
Bf1 61. hxg3 Bg2 62. Kf4 Re8 63. e5 Kg7 64. Rh4 Rf8+ 65. Kg4 Rh8 66. Rxh8 Kxh8
67. c6 h2 68. c7 Bb7 69. e6 h1=Q 70. e7 Qe4+ {White resigns} 0-1

[Event "Team 45 45 League T26"]
[Site "Internet Chess Club"]
[Date "2005.03.27"]
[Round "2"]
[White "softbunney"]
[Black "Zap"]
[Result "1-0"]
[WhiteElo "2171"]
[BlackElo "2114"]
[TimeControl "2700+45"]

1. d4 d5 2. c4 e5 3. dxe5 d4 4. Nf3 Nc6 5. Nbd2 Nge7 6. Nb3 Nf5 7. g4 Nh4 8. h3
Nxf3+ 9. exf3 Be6 10. f4 g6 11. a3 h5 12. g5 a5 13. Bd3 a4 14. Nd2 Qd7 15. h4
Na5 16. Qc2 c5 17. b4 Nb3 18. Nxb3 axb3 19. Qxb3 cxb4 20. a4 Qc6 21. Rg1 Bc5 22.
Bd2 Qf3 23. Rb1 Rc8 24. Be2 Qe4 25. Qd3 Qc6 26. Bf3 Qxa4 27. Bxb7 Rc7 28. Bd5
Bf5 29. Be4 Be6 30. f5 gxf5 31. Bxf5 Rc6 32. Bxe6 Rxe6 33. f4 b3 34. Qxb3 Qxb3
35. Rxb3 O-O 36. Kf2 Ra8 37. Rgb1 Ra2 38. R3b2 Rea6 39. Ke2 R6a3 40. f5 Rxb2 41.
Rxb2 Rh3 42. Rb5 Rh2+ 43. Kd3 Rh3+ 44. Kc2 Be7 45. Rb8+ Kh7 46. Rb7 Ba3 47.
Rxf7+ Kg8 48. Ra7 Bc5 49. Ra5 d3+ 50. Kc3 Bf2 51. g6 Bxh4 52. f6 Kf8 53. Ra8#
{Black checkmated} 1-0

[Event "Team 45 45 League T26"]
[Site "Internet Chess Club"]
[Date "2005.03.27"]
[Round "2"]
[White "knightstorm"]
[Black "Akaineco"]
[Result "0-1"]
[WhiteElo "1870"]
[BlackElo "2005"]
[TimeControl "2700+45"]

1. c4 f5 2. g3 e5 3. Bg2 Nf6 4. d4 e4 5. Nc3 Be7 6. f3 exf3 7. Nxf3 O-O 8. O-O
Qe8 9. Nd2 Ng4 10. Nf3 Bf6 11. Nd5 Na6 12. h3 c6 13. Nxf6+ Nxf6 14. Kh2 d5 15.
cxd5 Nxd5 16. Ne5 Be6 17. e4 fxe4 18. Bxe4 Rxf1 19. Qxf1 Qh5 20. Bd2 Rf8 21. Qg2
Nac7 22. Rf1 Rxf1 23. Qxf1 Nb5 24. g4 Qh4 25. Bxd5 Bxd5 26. Qf5 Nd6 27. Qf4 Qd8
28. a3 Ne4 29. Bb4 a5 30. Be1 b6 31. b4 a4 32. Nf3 Nd6 33. Bc3 Nc4 34. Ne5 Nxa3
35. Bb2 Nb5 36. Qf5 Nd6 37. Qc2 b5 38. Bc1 Qe8 39. Qf2 Ne4 40. Qf5 Qf8 41. Qxf8+
Kxf8 42. Nf3 Ke7 43. Ne1 Nf2 {White forfeits on time} 0-1

[Event "Team 45 45 League T26"]
[Site "Internet Chess Club"]
[Date "2005.03.31"]
[Round "2"]
[White "Zornorph"]
[Black "nightflier"]
[Result "0-1"]
[WhiteElo "1965"]
[BlackElo "1856"]
[TimeControl "2700+45"]

1. c4 e6 2. Nf3 d5 3. g3 Nf6 4. Bg2 Be7 5. b3 O-O 6. Bb2 c5 7. O-O Nc6 8. d3 d4
9. e4 e5 10. Nbd2 Ne8 11. Ne1 f5 12. f4 Nf6 13. Qe2 Ng4 14. h3 Ne3 15. Rf2 exf4
16. gxf4 Bh4 17. Rf3 fxe4 18. dxe4 Nb4 19. Nd3 Nxd3 20. Qxd3 Qc7 21. f5 b6 22.
Nf1 Nxg2 23. Kxg2 Bb7 24. Kg1 Rae8 25. Nd2 Bg5 26. Raf1 Bxd2 27. Qxd2 Bxe4 28.
Rf4 Rxf5 29. R1f2 Ref8 30. Rxf5 Rxf5 31. b4 Qg3+ 32. Kf1 Bd3+ 33. Ke1 Qg1+
{White resigns} 0-1

[Event "Team 45 45 League T26"]
[Site "Internet Chess Club"]
[Date "2005.03.24"]
[Round "2"]
[White "az2112"]
[Black "CraigCKlein"]
[Result "0-1"]
[WhiteElo "1681"]
[BlackElo "1785"]
[TimeControl "2700+45"]

1. Nf3 g6 2. g3 Bg7 3. Bg2 e5 4. d3 Nc6 5. O-O Nge7 6. c4 O-O 7. Nc3 d5 8. cxd5
Nxd5 9. a3 h6 10. Bd2 Be6 11. Qc1 Kh7 12. Ne4 Nd4 13. Nxd4 exd4 14. Nc5 Bc8 15.
Qc4 c6 16. Rac1 Qe7 17. Rc2 Rd8 18. Re1 b6 19. Na6 Bb7 20. Nb4 Nxb4 21. Bxb4 c5
22. Bd2 Bxg2 23. Kxg2 Qb7+ 24. f3 Rac8 25. Rec1 Rc6 26. b4 Re6 27. Be1 Bf8 28.
bxc5 Rc6 29. Qb3 b5 30. a4 a6 31. axb5 Qxb5 32. Qxb5 axb5 33. Ba5 Rdc8 34. Bb6
Kg7 35. Kf2 Kf6 36. e4 dxe3+ 37. Kxe3 Ke6 38. d4 Kd5 39. Kd3 Bg7 40. Rb1 Bxd4
41. Rxb5 f5 42. Rc4 Bg1 43. h3 h5 44. g4 Re8 45. gxh5 Re3+ 46. Kd2 Kxc4 {White
resigns} 0-1

[Event "Team 45 45 League T26"]
[Site "Internet Chess Club"]
[Date "2005.03.26"]
[Round "2"]
[White "steve"]
[Black "fledermaus"]
[Result "1/2-1/2"]
[WhiteElo "1935"]
[BlackElo "2004"]
[TimeControl "2700+45"]

1. e4 c6 2. d4 d5 3. exd5 cxd5 4. Bd3 Nc6 5. Nf3 Bg4 6. c3 e6 7. O-O Bd6 8. Nbd2
Nf6 9. h3 Bh5 10. Qb3 Qc7 11. Re1 O-O 12. c4 Bxf3 13. Nxf3 Na5 14. Qa4 Nxc4 15.
Re2 h6 16. Rc2 b5 17. Qxb5 Rfb8 18. Qa6 Rb6 19. Qa4 Rb4 20. Qa6 Rb6 21. Qa4 Rb4
{Game drawn by mutual agreement} 1/2-1/2

[Event "Team 45 45 League T26"]
[Site "Internet Chess Club"]
[Date "2005.03.29"]
[Round "2"]
[White "Winclick"]
[Black "JohnCohen"]
[Result "1-0"]
[WhiteElo "1701"]
[BlackElo "1783"]
[TimeControl "2700+45"]

1. d4 f5 2. c4 g6 3. g3 Bg7 4. Bg2 Nf6 5. Nc3 d6 6. Bg5 O-O 7. Qd2 Qe8 8. O-O-O
Nbd7 9. Nh3 e5 10. e4 exd4 11. Qxd4 Nb6 12. Bxf6 Bxf6 13. Qd3 Qf7 14. Nd5 Nxd5
15. exd5 Bd7 16. Rhe1 Rae8 17. Qb3 b6 18. f4 Rxe1 19. Rxe1 Re8 20. Qd1 b5 21.
Rxe8+ Qxe8 22. Bf1 Qe3+ 23. Kb1 bxc4 24. Bxc4 Qe4+ 25. Qc2 Qh1+ 26. Qc1 Qxh2 27.
Ng5 Bxg5 28. fxg5 Qxg3 29. a3 f4 30. Ka2 Qxg5 31. Bb3 Kf7 32. Qxc7 Ke7 33. Qxa7
Qe5 34. Ba4 Qxd5+ 35. Bb3 Qc5 36. Qb7 Qc6 37. Qb8 Qc8 38. Qb4 Be6 39. Qxf4 Bxb3+
40. Kxb3 Qe6+ 41. Ka4 d5 42. b4 h5 43. Ka5 Kd7 44. b5 Qe1+ 45. Ka6 h4 46. b6 h3
47. Qc7+ Ke8 48. Qc8+ Ke7 49. Qxh3 Qe2+ 50. Ka7 Qb5 51. Qc3 d4 52. Qxd4 g5 53.
Qb4+ {Black resigns} 1-0

[Event "Team 45 45 League T26"]
[Site "Internet Chess Club"]
[Date "2005.03.28"]
[Round "2"]
[White "Budzo"]
[Black "bmw2002"]
[Result "1-0"]
[WhiteElo "1733"]
[BlackElo "1630"]
[TimeControl "2700+45"]

1. Nf3 Nf6 2. c4 d5 3. cxd5 Nxd5 4. Nc3 g6 5. e4 Nb6 6. d4 Bg7 7. Be3 O-O 8. h3
N8d7 9. Qd2 Nf6 10. Bh6 Re8 11. Bxg7 Kxg7 12. Be2 Nbd7 13. e5 Ng8 14. g4 b6 15.
h4 h6 16. h5 Bb7 17. hxg6 fxg6 18. O-O-O Rf8 19. Rh3 Rc8 20. Rdh1 Bxf3 21. Bxf3
g5 22. Bd5 Rf4 23. Be6 c5 24. d5 Rc7 25. d6 Rc6 26. Bxg8 Nxe5 27. Rxh6 Qxg8 28.
d7 Rxh6 29. Rxh6 Nxd7 30. Rh1 Ne5 31. Rh5 Kg6 32. Nd5 Rc4+ 33. Kb1 Kf7 34. Rxg5
Qh7+ 35. Rf5+ Ke8 36. Nc7# {Black checkmated} 1-0

[Event "Team 45 45 League T26"]
[Site "Internet Chess Club"]
[Date "2005.04.03"]
[Round "2"]
[White "GoIrish"]
[Black "clarnibass"]
[Result "1/2-1/2"]
[WhiteElo "1538"]
[BlackElo "1714"]
[TimeControl "2700+45"]

1. Nf3 d5 2. g3 Nf6 3. Bg2 c5 4. O-O Nc6 5. d3 e6 6. Nbd2 Be7 7. Re1 O-O 8. e4
b5 9. exd5 exd5 10. b3 Re8 11. Bb2 Bg4 12. h3 Bh5 13. a3 Rc8 14. c4 a6 15. cxd5
Nxd5 16. Ne4 Bg6 17. d4 cxd4 18. Nxd4 Nxd4 19. Qxd4 Bf8 20. Rad1 Bxe4 21. Bxe4
Nc7 22. Qxd8 Rcxd8 23. Rxd8 Rxd8 24. Rc1 Bd6 25. a4 g6 26. Rd1 bxa4 27. bxa4 Be7
28. Rxd8+ Bxd8 29. Bd3 a5 30. Bc4 Kf8 31. f4 Ke7 32. Ba3+ Ke8 33. Kf2 Be7 34.
Bb2 Bb4 35. Kf3 Ke7 36. g4 Ne6 37. f5 Ng5+ 38. Kg2 Ne4 39. fxg6 hxg6 40. h4 Nf6
41. Kf3 Nd7 42. Bb5 Nf6 43. g5 Nd7 44. Kg4 Nf8 45. Bf6+ Kd6 46. Be8 Ke6 47. h5
gxh5+ 48. Kxh5 Nd7 49. Bb2 Ke7 50. Bxd7 Kxd7 51. Bf6 Ke6 {Game drawn by mutual
agreement} 1/2-1/2

[Event "Team 45 45 League T26"]
[Site "Internet Chess Club"]
[Date "2005.03.27"]
[Round "2"]
[White "Wevey"]
[Black "Irvin"]
[Result "1-0"]
[WhiteElo "1861"]
[BlackElo "1764"]
[TimeControl "2700+45"]

1. e4 c5 2. Nf3 d6 3. d4 cxd4 4. Nxd4 Nf6 5. Nc3 a6 6. Be3 b5 7. f3 e5 8. Nb3
Bb7 9. Qd2 d5 10. exd5 Nxd5 11. O-O-O Bb4 12. Bc5 Bxc3 13. bxc3 Nd7 14. c4 bxc4
15. Bxc4 N5f6 16. Ba3 Qc7 17. Bd3 Bd5 18. Rhe1 a5 19. Bb5 Rb8 20. Ba4 Kd8 21.
Bxd7 Kxd7 22. Nc5+ Kc8 23. Na6 Bxa2 24. Nxb8 Kxb8 25. Bd6 {Black resigns} 1-0

[Event "Team 45 45 League T26"]
[Site "Internet Chess Club"]
[Date "2005.03.27"]
[Round "2"]
[White "Aquaman"]
[Black "az2112"]
[Result "1-0"]
[WhiteElo "1703"]
[BlackElo "1665"]
[TimeControl "2700+45"]

1. d4 Nf6 2. Nc3 g6 3. e4 d6 4. Bg5 Bg7 5. e5 dxe5 6. dxe5 Qxd1+ 7. Rxd1 Nfd7 8.
e6 fxe6 9. Bc4 Ne5 10. Be2 c6 11. Ne4 b6 12. c3 Ba6 13. Bf4 O-O 14. Bg3 Bc4 15.
Bxc4 Nxc4 16. b3 Ne5 17. c4 Na6 18. Ne2 Nb4 19. Bxe5 Bxe5 20. a3 Nc2+ 21. Kf1
Ne3+ 22. Ke1 Nxd1 23. Kxd1 Rad8+ 24. Kc2 h6 25. g3 g5 26. Rf1 Bd6 27. b4 e5 28.
g4 Rf3 29. Kb2 a5 30. c5 Bc7 31. Nc1 axb4 32. axb4 bxc5 33. Nxc5 Rdd3 34. N5xd3
{Black resigns} 1-0

[Event "Team 45 45 League T26"]
[Site "Internet Chess Club"]
[Date "2005.03.25"]
[Round "2"]
[White "Kingofknights"]
[Black "KaissaXiaolin"]
[Result "1-0"]
[WhiteElo "1683"]
[BlackElo "1493"]
[TimeControl "2700+45"]

1. d4 d5 2. c4 Nc6 3. cxd5 Qxd5 4. Nf3 Bg4 5. Nc3 Qa5 6. d5 O-O-O 7. e4 e6 8.
Bd2 exd5 9. Nxd5 Bb4 10. Nxb4 Nxb4 11. Qb3 Rxd2 12. Nxd2 Be6 13. Bc4 Bxc4 14.
Qxc4 Nf6 15. O-O b5 16. Qxf7 Nc2 17. Qe6+ Kb8 18. Nb3 Qb4 19. Rac1 Re8 20. Qc6
Nd4 21. Qxc7+ Ka8 22. Nxd4 Qxd4 23. Qc6+ {Black resigns} 1-0

[Event "Team 45 45 League T26"]
[Site "Internet Chess Club"]
[Date "2005.03.28"]
[Round "2"]
[White "DeepHmmm"]
[Black "TheWhisper"]
[Result "1-0"]
[WhiteElo "2177"]
[BlackElo "2146"]
[TimeControl "2700+45"]

1. Nf3 Nf6 2. g3 b5 3. Bg2 Bb7 4. O-O c5 5. d3 d6 6. e4 e5 7. c3 Be7 8. Qe2 Qc7
9. Nh4 g6 10. Bh6 Nbd7 11. Nd2 Nb6 12. f4 exf4 13. gxf4 Nh5 14. Nf5 O-O-O 15.
Nxe7+ Qxe7 16. Rae1 Rde8 17. d4 c4 18. b3 d5 19. e5 f5 20. a4 a6 21. a5 Na8 22.
bxc4 bxc4 23. Nxc4 dxc4 24. Qxc4+ Qc7 25. Bxb7+ Kxb7 26. Qb4+ Ka7 27. d5 Rc8 28.
d6 Qxc3 29. Qxc3 Rxc3 30. Rd1 Kb7 31. Rfe1 Kc6 32. d7 Rd8 33. e6 Nc7 34. Bg5
Nxf4 35. Bxf4 {Black resigns} 1-0

[Event "Team 45 45 League T26"]
[Site "Internet Chess Club"]
[Date "2005.03.28"]
[Round "2"]
[White "fileman"]
[Black "Neo-Myshkin"]
[Result "1/2-1/2"]
[WhiteElo "1939"]
[BlackElo "1887"]
[TimeControl "2700+45"]

1. e4 e6 2. e5 d5 3. exd6 cxd6 4. d4 Nc6 5. d5 exd5 6. Qxd5 Nf6 7. Qd1 Bf5 8.
Nf3 Be7 9. Be2 O-O 10. O-O Rc8 11. c3 Qb6 12. Na3 Ne5 13. Re1 Rfd8 14. Qa4 Bf8
15. Nb5 Nxf3+ 16. gxf3 a6 17. Nd4 Bh3 18. Nb3 Qc6 19. Qh4 Be6 20. Nd4 Qd5 21.
Bg5 Be7 22. c4 Qa5 23. Bd3 Rc5 24. Bxf6 Rh5 25. Qe4 Bxf6 26. Nxe6 fxe6 27. Qxe6+
Kf8 28. c5 Qxc5 29. f4 Rxh2 30. Kxh2 Qxf2+ 31. Kh1 Qf3+ 32. Kh2 Qf2+ 33. Kh1
Qf3+ 34. Kg1 Bd4+ 35. Kh2 Qf2+ 36. Kh3 Qf3+ 37. Kh2 Qf2+ 38. Kh3 Qf3+ {Game
drawn by mutual agreement} 1/2-1/2

[Event "Team 45 45 League T26"]
[Site "Internet Chess Club"]
[Date "2005.03.25"]
[Round "2"]
[White "Nomad"]
[Black "LoseOften"]
[Result "1-0"]
[WhiteElo "1916"]
[BlackElo "1809"]
[TimeControl "2700+45"]

1. e4 c5 2. Nc3 d6 3. f4 g6 4. Nf3 Bg7 5. Bc4 e6 6. O-O Nc6 7. d3 Nge7 8. a3 O-O
9. Kh1 Nd4 10. Nxd4 Bxd4 11. Ne2 Bg7 12. Ng3 Bd7 13. c3 b5 14. Ba2 Qb6 15. Be3
f5 16. Qe2 fxe4 17. dxe4 d5 18. Rad1 Qc6 19. b4 c4 20. Bc5 Rf7 21. e5 Bh6 22.
Bb1 Raf8 23. Qg4 Rxf4 24. Rxf4 Rxf4 25. Qe2 Rf7 26. Rf1 Rxf1+ 27. Qxf1 Bg7 28.
Bxe7 Qa6 29. Qe1 Qxa3 30. h4 Bxe5 31. Qxe5 Qc1+ 32. Kh2 Qxb1 33. Qf6 h6 34. Qf8+
Kh7 35. Bf6 g5 36. Qg7# {Black checkmated} 1-0

[Event "Team 45 45 League T26"]
[Site "Internet Chess Club"]
[Date "2005.03.27"]
[Round "2"]
[White "Plattner"]
[Black "achessman"]
[Result "1-0"]
[WhiteElo "1838"]
[BlackElo "1929"]
[TimeControl "2700+45"]

1. d4 d5 2. c4 c6 3. e3 Bf5 4. Bd3 e6 5. Bxf5 exf5 6. Nf3 Nf6 7. Nc3 dxc4 8. Ne5
Bb4 9. O-O O-O 10. Nxc4 Bxc3 11. bxc3 b5 12. Ne5 Ne4 13. Qc2 f6 14. Nd3 Qd5 15.
f3 Nd6 16. Nf4 Qf7 17. Ba3 Nc4 18. Bxf8 Nxe3 19. Qb3 Nxf1 20. Kxf1 Nd7 21. Qxf7+
Kxf7 22. Ba3 Re8 23. Re1 Rxe1+ 24. Kxe1 Nb6 25. Bc5 Na4 26. Bb4 Nb2 27. d5 c5
28. Bxc5 {Black resigns} 1-0

[Event "Team 45 45 League T26"]
[Site "Internet Chess Club"]
[Date "2005.03.28"]
[Round "2"]
[White "BaroneRosso"]
[Black "Ser-Enigma"]
[Result "1/2-1/2"]
[WhiteElo "2019"]
[BlackElo "2006"]
[TimeControl "2700+45"]

1. d4 d5 2. c4 dxc4 3. Nf3 Nf6 4. e3 e6 5. Bxc4 c5 6. Qe2 a6 7. dxc5 Bxc5 8. O-O
b5 9. Bd3 Nc6 10. a3 Bb7 11. b4 Bd6 12. Bb2 O-O 13. Nbd2 Ng4 14. Ne4 Nce5 15.
Nxe5 Nxe5 16. Nxd6 Qxd6 17. Bxh7+ Kxh7 18. Qh5+ Kg8 19. Qxe5 Qxe5 20. Bxe5 Bd5
21. Bd6 Rfd8 22. Bc5 f5 23. Rfd1 Bb3 24. Rxd8+ Rxd8 25. Bd4 Rd5 26. f4 Kf7 27.
Rc1 Bc4 28. Kf2 Rd8 29. h3 Rh8 30. Rd1 Bb3 31. Rc1 Bc4 32. a4 Ra8 33. g4 g6 34.
gxf5 exf5 35. Kg3 Rc8 36. axb5 axb5 37. Ra1 Bd5 38. Ra7+ Ke8 39. Bc5 Rc6 40. Kh4
Bc4 41. Kg5 Bf1 42. h4 Be2 43. Rb7 Re6 44. h5 Bxh5 45. Rxb5 Kd7 46. Rb7+ Kc8 47.
Rh7 Be2 48. Rh6 Kd7 49. Rxg6 Rxg6+ 50. Kxg6 Bd3 51. Kf6 Kc6 52. Ke6 Kb5 {Game
drawn by mutual agreement} 1/2-1/2

[Event "Team 45 45 League T26"]
[Site "Internet Chess Club"]
[Date "2005.03.29"]
[Round "2"]
[White "SpanishFly"]
[Black "DTK"]
[Result "0-1"]
[WhiteElo "2021"]
[BlackElo "2011"]
[TimeControl "2700+45"]

1. e4 e6 2. d3 d5 3. Qe2 Nf6 4. Nf3 c5 5. g3 Nc6 6. Bg2 Be7 7. O-O O-O 8. e5 Ne8
9. c4 Nc7 10. h4 b5 11. b3 Rb8 12. Bf4 f6 13. Nbd2 fxe5 14. Nxe5 Nxe5 15. Qxe5
Na6 16. Rae1 Rf5 17. Qe2 bxc4 18. Bxb8 cxd3 19. Qxd3 Nxb8 20. Bh3 Rf6 21. Qe3
Qb6 22. Rc1 Nc6 23. Nf3 Nb4 24. Ne5 d4 25. Qd2 Nc6 26. Nxc6 Qxc6 27. Qxd4 Bb7
{White resigns} 0-1

[Event "Team 45 45 League T26"]
[Site "Internet Chess Club"]
[Date "2005.03.27"]
[Round "2"]
[White "camembert"]
[Black "smooth-moves04"]
[Result "0-1"]
[WhiteElo "1843"]
[BlackElo "1931"]
[TimeControl "2700+45"]

1. e4 e5 2. f4 exf4 3. Nf3 g5 4. Bc4 d6 5. h4 Bg4 6. d4 Qe7 7. Nc3 Nf6 8. hxg5
Nxe4 9. Nxe4 Qxe4+ 10. Kf2 Be7 11. Re1 Bxf3 12. gxf3 Qf5 13. Qe2 Nc6 14. Bb5
Qxg5 15. Bxf4 Qh4+ 16. Kf1 Rg8 17. Qe4 O-O-O 18. Bxc6 bxc6 19. Qxc6 Qh3+ 20. Ke2
Bh4 21. Rh1 Rg2+ 22. Kd3 Qf5+ 23. Qe4 Qb5+ 24. Kc3 Qa5+ 25. Kb3 Qb5+ 26. Kc3 Bf6
27. a4 Qc5+ 28. Kb3 Bxd4 29. Rad1 Qb6+ {White resigns} 0-1

[Event "Team 45 45 League T26"]
[Site "Internet Chess Club"]
[Date "2005.03.29"]
[Round "2"]
[White "siddhu"]
[Black "Lug"]
[Result "1/2-1/2"]
[WhiteElo "1907"]
[BlackElo "1896"]
[TimeControl "2700+45"]

1. e4 e6 2. d4 d5 3. exd5 exd5 4. Bd3 Bd6 5. Nf3 Nf6 6. h3 O-O 7. O-O h6 8. c3
c6 9. Be3 Be6 10. Nbd2 Nbd7 11. Qc2 Qc7 12. Rfe1 Rfe8 13. b3 Rad8 14. c4 dxc4
15. bxc4 b6 16. a4 Bb4 17. Rab1 Qd6 18. Red1 a5 19. Nb3 {Game drawn by mutual
agreement} 1/2-1/2

[Event "Team 45 45 League T26"]
[Site "Internet Chess Club"]
[Date "2005.03.24"]
[Round "2"]
[White "gartman"]
[Black "Joyoyo"]
[Result "0-1"]
[WhiteElo "1665"]
[BlackElo "1693"]
[TimeControl "2700+45"]

1. d4 Nf6 2. c4 g6 3. Nc3 Bg7 4. Nf3 d5 5. cxd5 Nxd5 6. e4 Nxc3 7. bxc3 b6 8.
Bc4 O-O 9. Qb3 Ba6 10. Bxa6 Nxa6 11. O-O c5 12. Rd1 Qc8 13. Ba3 Re8 14. Rac1
cxd4 15. cxd4 Qb7 16. Ng5 e6 17. Qa4 Bh6 18. Nxf7 Kxf7 19. Rc6 Rac8 20. d5 exd5
21. exd5 Nc7 22. Qh4 Nxd5 23. Rxc8 Qxc8 24. Qxh6 Nf6 25. Rc1 Qd7 26. Qf4 Re4 27.
Qf3 Qd2 28. Rd1 Re1+ {White resigns} 0-1

[Event "Team 45 45 League T26"]
[Site "Internet Chess Club"]
[Date "2005.03.27"]
[Round "2"]
[White "Bookkeeper"]
[Black "JesterFox"]
[Result "0-1"]
[WhiteElo "1539"]
[BlackElo "1541"]
[TimeControl "2700+45"]

1. e4 c5 2. Nf3 Nc6 3. Nc3 e6 4. Be2 d6 5. O-O Nf6 6. d3 Be7 7. b3 a6 8. Bb2 b5
9. Re1 O-O 10. d4 cxd4 11. Nxd4 Nxd4 12. Qxd4 e5 13. Qd3 Bb7 14. a3 Rc8 15. Qe3
Rc7 16. Rac1 Qa8 17. f3 d5 18. exd5 Bc5 {White resigns} 0-1

[Event "Team 45 45 League T26"]
[Site "Internet Chess Club"]
[Date "2005.03.27"]
[Round "2"]
[White "ogoon"]
[Black "chesskix"]
[Result "1-0"]
[WhiteElo "1600"]
[BlackElo "1459"]
[TimeControl "2700+45"]

1. e4 e5 2. d4 exd4 3. c3 dxc3 4. Nxc3 Bb4 5. Bd2 Ne7 6. Bc4 O-O 7. Nf3 d6 8.
O-O Bg4 9. a3 Ba5 10. b4 Bb6 11. Be3 Nd7 12. Bxb6 axb6 13. Qd3 Bxf3 14. Qxf3 Ne5
15. Qe2 N7c6 16. Bd5 Nd4 17. Qd1 c5 18. b5 Ra7 19. a4 Kh8 20. f4 Nd7 21. f5 f6
22. Rf4 Ne5 23. Qh5 h6 24. Be6 Qe8 25. Qxe8 Rxe8 26. Bd5 Rea8 27. h4 Rxa4 28.
Rxa4 Rxa4 29. Nxa4 Ne2+ 30. Kf2 Nxf4 31. Nxb6 Nxd5 32. exd5 Kg8 33. Nc8 Nf7 34.
Ke3 Kf8 35. Nb6 Ke8 36. Nc4 Kd7 37. b6 Ne5 38. Na5 Kc8 39. Kd2 Nd7 40. Nc4 Kb8
41. Kc3 Ka8 42. Kb3 Kb8 43. Ka4 Ka8 44. Kb5 Kb8 45. Nxd6 Ne5 46. Kxc5 {Black
resigns} 1-0

[Event "Team 45 45 League T26"]
[Site "Internet Chess Club"]
[Date "2005.03.24"]
[Round "2"]
[White "mickeys"]
[Black "fernbap"]
[Result "1-0"]
[WhiteElo "1682"]
[BlackElo "1727"]
[TimeControl "2700+45"]

1. d4 Nf6 2. c4 g6 3. Nc3 d5 4. cxd5 Nxd5 5. e4 Nxc3 6. bxc3 Bg7 7. Bc4 c5 8.
Ne2 O-O 9. O-O Nc6 10. Be3 Na5 11. Bd3 c4 12. Bc2 b6 13. Qd2 Bb7 14. Bh6 e6 15.
Ng3 Qe7 16. Bxg7 Kxg7 17. e5 Rad8 18. Be4 Nc6 19. f4 f5 20. exf6+ Rxf6 21. Qe2
Na5 22. Bxb7 Qxb7 23. Qg4 Qd5 24. Rfe1 Nc6 25. h4 Rdf8 26. Rf1 Nxd4 27. cxd4
Qxd4+ 28. Kh2 Rxf4 29. Nh5+ Kh8 30. Nxf4 e5 31. Nxg6+ {Black resigns} 1-0

[Event "Team 45 45 League T26"]
[Site "Internet Chess Club"]
[Date "2005.03.28"]
[Round "2"]
[White "AlPearson"]
[Black "Kaseirovski"]
[Result "0-1"]
[WhiteElo "1465"]
[BlackElo "1575"]
[TimeControl "2700+45"]

1. e4 d6 2. d4 Nf6 3. Nc3 g6 4. f4 Bg7 5. Nf3 c5 6. e5 Nfd7 7. h4 c4 8. Bxc4
dxe5 9. Ng5 O-O 10. dxe5 e6 11. Be3 Nc6 12. h5 Na5 13. Nxe6 fxe6 14. Bxe6+ Kh8
15. hxg6 h6 16. Ne4 Qe7 17. Ng5 Nb6 18. Nf7+ Rxf7 19. Bxf7 Bf5 20. b3 Rd8 21.
Qe2 Nd5 22. Bd2 Nc6 23. O-O-O Nd4 24. Rxh6+ Bxh6 25. Qh5 Qa3+ 26. Kb1 Bxc2+ 27.
Ka1 Nxb3# {White checkmated} 0-1

[Event "Team 45 45 League T26"]
[Site "Internet Chess Club"]
[Date "2005.03.25"]
[Round "2"]
[White "fgameiro"]
[Black "SeniorCitizen"]
[Result "1/2-1/2"]
[WhiteElo "1508"]
[BlackElo "1424"]
[TimeControl "2700+45"]

1. e4 e6 2. d4 d5 3. Nc3 Bb4 4. e5 c5 5. a3 Bxc3+ 6. bxc3 c4 7. Qg4 g6 8. h4 h5
9. Qf3 Nd7 10. Nh3 Nf8 11. g3 Nh7 12. Bg2 Qe7 13. O-O Bd7 14. a4 f5 15. Ba3 Qf7
16. a5 a6 17. Rfb1 Bb5 18. Qe3 Kd7 19. Re1 Ne7 20. Qc1 Nc8 21. Bxd5 Bc6 22. Bxc4
Ne7 23. f4 Nd5 24. Qb2 Rhc8 25. Bc5 Ke8 26. Nf2 Qg7 27. Nd3 Rc7 28. Nb4 Nxf4 29.
Nxc6 Rxc6 30. gxf4 g5 31. fxg5 Nxg5 32. hxg5 Qxg5+ 33. Kh2 Qf4+ 34. Kh1 Qf3+ 35.
Kh2 Qf2+ 36. Kh1 Qf3+ 37. Kh2 {Game drawn by mutual agreement} 1/2-1/2